 Dungeon Crawl Stone Soup version 0.28-a0-1227-ga9037bb4c8 (webtiles) character file.

Game seed: 6005629768480646872

32 sanka the Gusty (level 2, 0/20 HPs)
             Began as a Demigod Air Elementalist on Dec 22, 2021.
             Slain by a goblin (1 damage)
             ... on level 2 of the Dungeon.
             The game lasted 00:01:56 (702 turns).

sanka the Gusty (Demigod Air Elementalist)           Turns: 702, Time: 00:01:56

Health: 0/20       AC:  2    Str:  9    XL:     2   Next: 96%
Magic:  3/7        EV: 12    Int: 17    God:
Gold:   38         SH:  0    Dex: 14    Spells: 2/5 levels left

rFire   . . .      SeeInvis .   b - +1 hand axe (drain)
rCold   . . .      Faith    .   (no shield)
rNeg    . . .      Spirit   .   a - +0 robe
rPois   .          Reflect  .   (no helmet)
rElec   .          Harm     .   (no cloak)
rCorr   .          Rampage  .   (no gloves)
Will    .....                   (no boots)
Stlth   ++........              (no amulet)
HPRegen 0.06/turn               (no ring)
MPRegen 0.10/turn               (no ring)

@: no status effects
A: high mp 1, forlorn, divine attributes
a: no special abilities


You were on level 2 of the Dungeon.
You visited 1 branch of the dungeon, and saw 2 of its levels.

You collected 38 gold pieces.


Innate Abilities, Weirdness & Mutations

You have an increased reservoir of magic. (+10% MP)
You shall have no god before yourself.
Your divine heritage dramatically boosts your attributes as you level up.


   Skills:
 - Level 1.7 Dodging
 - Level 1.7 Stealth
 - Level 2.0 Spellcasting
 + Level 2.6 Conjurations
 + Level 2.7 Air Magic


You had 2 spell levels left.
You knew the following spells:

 Your Spells              Type           Power      Damage    Failure   Level
z - Shock                 Conj/Air       40%        1d5       6%          1
Z - Static Discharge      Conj/Air       10%        N/A       10%         2

Your spell library contained the following spells:

 Spells                   Type           Power      Damage    Failure   Level
 Swiftness                Air            10%        N/A       19%         3
 Airstrike                Air            5%         N/A       54%         4

Inventory:

Hand Weapons
 b - a +1 hand axe of draining (weapon)
 c - a +0 great sword
Armour
 a - a +0 robe (worn)

Dungeon Overview and Level Annotations

Branches:
Dungeon (1/15)

▒...[...▒▒▒▒▒▒▒▒▒
▒.......▒ .
▒.......▒ ..
▒▒.......▒ .▒.
▒▒.♣......▒
....▒....[[...▒
▒..♣£.g♣....▒
▒...gS......▒
▒....p...▒+▒▒
▒▒.......▒
▒.♣...♣.▒
▒▒.....▒▒ ▒▒.♣.▒▒
.. .. ▒▒ ▒▒


You could see a gnoll, a goblin and a ball python.


Message History

The zap hits the gnoll.
The gnoll is almost dead.
The zap misses the goblin.
The gnoll completely misses you.
Aiming: Shock (safe; 7% risk of failure)
The zap hits the gnoll.
You kill the gnoll!
The zap misses the goblin.
Training target 2.6 for Conjurations reached!
You need to enable at least one skill for training.
Unknown command.
Unknown command.
You see here a quokka corpse.
You aren't carrying any potions.
Found 9 gold pieces.
Found a stone staircase leading up.
A ball python comes into view.
The ball python hisses angrily.
The ball python closely misses you. The ball python barely misses you.
The ball python closely misses you. The ball python closely misses you.
The ball python bites you.
* * * LOW HITPOINT WARNING * * *
The ball python closely misses you.
There is a stone staircase leading up here.
The ball python closely misses you. The ball python completely misses you.
The goblin hits you with a +0 dagger.
You die...

Action                   || total
-------------------------++-------
Melee: Hand axe          ||    20
 Cast: Shock             ||    17
       Static Discharge  ||     1
 Stab: Sleeping          ||     1
Armor: Robe              ||     1
Dodge: Dodged            ||    23

Levels and vault maps discovered:
D:1:      nicolae_arrival_memento_mori, layout_basic,
          ebering_ecumenical_altar_sacrificial
D:2:      layout_basic, serial_glass, glass_columns_a, glass_columns_b,
          grunt_ministairs_2, uniq_terence, uniq_sigmund, uniq_jessica

Notes
Turn   | Place    | Note
-------+----------+-------------------------------------------
     0 | D:1      | sanka the Demigod Air Elementalist began the quest for the
                  | Orb.
     0 | D:1      | Reached XP level 1. HP: 14/14 MP: 5/5
   103 | D:1      | Reached skill level 1 in Conjurations
   360 | D:1      | Reached skill level 2 in Spellcasting
   419 | D:1      | Reached XP level 2. HP: 20/20 MP: 0/7
   485 | D:1      | Learned a level 2 spell: Static Discharge
   621 | D:2      | HP: 1/20 [gnoll (7)]
   637 | D:2      | Reached skill level 2 in Conjurations
   678 | D:2      | HP: 1/20 [gnoll (3)]
   700 | D:2      | HP: 1/20 [ball python (2)]
   702 | D:2      | Slain by a goblin

Vanquished Creatures
  2 gnolls (D:2)
  2 goblins (D:1)
  3 hobgoblins (D:1)
  3 quokkas
  2 ball pythons (D:1)
  A rat (D:1)
13 creatures vanquished.
